[Event "WJCC U20 Open 2019"]
[Site "New Delhi"]
[Date "2019.10.24"]
[Round "10.8"]
[White "Kollars, Dmitrij"]
[Black "Haria, Ravi"]
[Result "1-0"]
[ECO "A13"]
[WhiteElo "2587"]
[BlackElo "2463"]
[Annotator "ChessBase"]
[PlyCount "117"]
[EventDate "2019.10.15"]
[EventType "swiss"]
[EventCountry "IND"]
[SourceTitle "playchess.com"]
[Source "ChessBase"]
[SourceQuality "1"]
[TimeControl "40/5400+30:1800+30"]

1. c4 e6 2. g3 d5 3. Nf3 Nf6 4. Bg2 Be7 5. b3 O-O 6. O-O b6 7. Bb2 Bb7 8. cxd5 Nxd5 9. d4 Nf6 10. Nbd2 c5 11. Nc4 Nbd7 12. Rc1 b5 13. Nce5 Nxe5 14. Nxe5 Bxg2 15. Kxg2 Qd5+ 16. f3 Rac8 17. e4 Qb7 18. dxc5 Bxc5 19. Qe2 a6 20. Rc2 Nd7 21. Nd3 Ba7 22. Rfc1 h6 23. Qd2 Rfd8 24. Qf4 Rxc2+ 25. Rxc2 Rc8 26. Rd2 Qb6 27. Nf2 Qe3 28. Qxe3 Bxe3 29. Re2 Bc1 30. Bd4 e5 31. Ba1 f6 32. Nd3 Kf7 33. f4 Ke6 34. Nxc1 Rxc1 35. Bb2 Rc6 36. Rd2 Ke7 37. Ba3+ Ke8 38. Bb4 Nf8 39. f5 Nd7 40. Kf3 Nb6 41. Kg4 Nc8 42. Kh5 Ne7 43. Bxe7 Kxe7 44. Kg6 Rc3 45. Kxg7 h5 46. Kg6 Re3 47. Kxh5 Rxe4 48. h4 Re3 49. g4 Rh3 50. Rd5 Rh2 51. a4 bxa4 52. bxa4 Rh3 53. Ra5 e4 54. Rxa6 e3 55. a5 Kf7 56. Re6 Rf3 57. a6 Rf4 58. Rxe3 Ra4 59. Re6 1-0

[Event "WJCC U20 Open 2019"]
[Site "New Delhi"]
[Date "2019.10.24"]
[Round "10.13"]
[White "Gazik, Viktor"]
[Black "Mendonca, Leon Luke"]
[Result "0-1"]
[ECO "B90"]
[WhiteElo "2546"]
[BlackElo "2388"]
[Annotator "ChessBase"]
[PlyCount "96"]
[EventDate "2019.10.15"]
[EventType "swiss"]
[EventCountry "IND"]
[SourceTitle "playchess.com"]
[Source "ChessBase"]
[SourceQuality "1"]
[TimeControl "40/5400+30:1800+30"]

1. e4 c5 2. Nf3 d6 3. d4 cxd4 4. Nxd4 Nf6 5. Nc3 a6 6. h3 e5 7. Nb3 Be6 8. f4 Be7 9. f5 Bc8 10. g4 h6 11. a4 b6 12. Bg2 Bb7 13. Qe2 Nbd7 14. Bd2 b5 15. axb5 axb5 16. Rxa8 Qxa8 17. O-O b4 18. Nb5 O-O 19. Ra1 Qb8 20. Bxb4 Bxe4 21. Bxe4 Nxe4 22. c4 Ndf6 23. Kh2 Re8 24. Ra7 Bf8 25. Ba5 d5 26. Bc7 Qc8 27. cxd5 Nc5 28. Qc4 Nxb3 29. Qxb3 Bc5 30. Ra1 Qd7 31. d6 e4 32. Re1 e3 33. Qd3 Qc6 34. Nc3 Qf3 35. Re2 Qf4+ 36. Kg2 Ra8 37. Nd5 Nxd5 38. Qxd5 Ra1 39. d7 Qf1+ 40. Kg3 Qxe2 41. d8=Q+ Kh7 42. Kh4 Qf2+ 43. Bg3 e2 44. Qc7 e1=Q 45. Bxf2 Bxf2+ 46. Kh5 Qe3 47. h4 Qg3 48. Qdd8 Rh1 0-1

[Event "WJCC U20 Open 2019"]
[Site "New Delhi"]
[Date "2019.10.24"]
[Round "10.14"]
[White "Visakh N R"]
[Black "Pogosyan, Stefan"]
[Result "1/2-1/2"]
[ECO "D35"]
[WhiteElo "2529"]
[BlackElo "2364"]
[Annotator "ChessBase"]
[PlyCount "144"]
[EventDate "2019.10.15"]
[EventType "swiss"]
[EventCountry "IND"]
[SourceTitle "playchess.com"]
[Source "ChessBase"]
[SourceQuality "1"]
[TimeControl "40/5400+30:1800+30"]

1. d4 d5 2. c4 e6 3. Nc3 Nf6 4. cxd5 exd5 5. Bg5 Be7 6. e3 O-O 7. Bd3 c6 8. Qc2 h6 9. Bh4 Re8 10. Nge2 Nbd7 11. O-O Ne4 12. Bxe7 Qxe7 13. b4 Ndf6 14. b5 c5 15. Bxe4 dxe4 16. Rfc1 cxd4 17. Nxd4 Bd7 18. Qb3 Qe5 19. Nce2 Rac8 20. h3 Qd6 21. Rd1 Rc5 22. Rac1 Rec8 23. Rxc5 Rxc5 24. a4 Qc7 25. Qa3 a6 26. Nf4 Kh7 27. Qb2 Rc4 28. Qa2 Qc5 29. Nb3 Qb4 30. Nd2 Qxa4 31. Qxa4 Rxa4 32. bxa6 bxa6 33. Nb3 Ra2 34. Rd6 a5 35. Nh5 Nxh5 36. Rxd7 a4 37. Nc5 a3 38. Nxe4 Rc2 39. Ra7 a2 40. Kh2 f5 41. g4 fxe4 42. gxh5 Rxf2+ 43. Kg3 Rf3+ 44. Kg4 Rxe3 45. Rxa2 Re1 46. Kf4 e3 47. Ra3 Rf1+ 48. Kxe3 Rf5 49. Ke4 Rxh5 50. Kf4 Rg5 51. Ra6 Rg1 52. Kf3 h5 53. Kf2 Rg5 54. Rb6 g6 55. Ra6 Kh6 56. Ra4 Rb5 57. h4 Kg7 58. Ra6 Kf7 59. Kg3 Rb3+ 60. Kg2 Re3 61. Rb6 Re6 62. Rb8 Kf6 63. Rf8+ Ke5 64. Kg3 Rd6 65. Re8+ Kf5 66. Rf8+ Ke6 67. Re8+ Kf7 68. Ra8 Rd3+ 69. Kg2 Ke6 70. Rg8 Kf5 71. Kh2 Rd6 72. Kg3 Rd3+ 1/2-1/2

[Event "WJCC U20 Open 2019"]
[Site "New Delhi"]
[Date "2019.10.24"]
[Round "10.16"]
[White "Khanin, Semen"]
[Black "Parkhov, Yair"]
[Result "1/2-1/2"]
[ECO "B54"]
[WhiteElo "2507"]
[BlackElo "2350"]
[Annotator "ChessBase"]
[PlyCount "143"]
[EventDate "2019.10.15"]
[EventType "swiss"]
[EventCountry "IND"]
[SourceTitle "playchess.com"]
[Source "ChessBase"]
[SourceQuality "1"]
[TimeControl "40/5400+30:1800+30"]

1. e4 c5 2. Nf3 d6 3. d4 cxd4 4. Nxd4 Nf6 5. f3 e5 6. Nb3 d5 7. Bg5 Be6 8. Bxf6 gxf6 9. exd5 Qxd5 10. Qxd5 Bxd5 11. Nc3 Be6 12. O-O-O Nd7 13. Nb5 Ke7 14. Nc7 Rd8 15. Nd5+ Bxd5 16. Rxd5 Bh6+ 17. Kb1 Nc5 18. Bc4 Rxd5 19. Bxd5 Nxb3 20. axb3 b6 21. Re1 Bg5 22. g3 h5 23. Re4 h4 24. f4 hxg3 25. hxg3 Bh6 26. fxe5 fxe5 27. Rxe5+ Kd6 28. Rh5 Ke7 29. b4 Bg7 30. Rf5 f6 31. b5 Bh6 32. Rf3 Bg5 33. Bc6 Ke6 34. g4 Rh7 35. Rd3 Bf4 36. Be4 Rc7 37. Bf5+ Ke7 38. c3 Ke8 39. Kc2 Re7 40. Bg6+ Kf8 41. Rd8+ Kg7 42. Bd3 Kh6 43. Rg8 Rg7 44. Rh8+ Kg5 45. Bf5 Be5 46. Kd3 Kf4 47. b3 Re7 48. Rf8 Kg5 49. Rd8 Kf4 50. Rf8 Kg5 51. b4 Bg3 52. c4 Bd6 53. c5 bxc5 54. Rd8 c4+ 55. Kxc4 Rc7+ 56. Kb3 Be5 57. Rd5 Kf4 58. Ka4 Rc4 59. Ka5 Rd4 60. Rc5 Bd6 61. Rc6 Ke5 62. Bc8 Bxb4+ 63. Ka6 Rd6 64. Rxd6 Kxd6 65. Kxa7 Bc5+ 66. Kb7 Be3 67. Bf5 Bd4 68. Be4 Be3 69. b6 Bf2 70. Ka6 Bd4 71. b7 Kc7 72. Kb5 1/2-1/2

[Event "WJCC U20 Open 2019"]
[Site "New Delhi"]
[Date "2019.10.24"]
[Round "10.20"]
[White "Aaryan Varshney"]
[Black "Di Benedetto, Edoardo"]
[Result "0-1"]
[ECO "D47"]
[WhiteElo "2239"]
[BlackElo "2401"]
[Annotator "RC"]
[PlyCount "100"]
[EventDate "2019.10.15"]
[EventType "swiss"]
[EventCountry "IND"]
[SourceTitle "playchess.com"]
[Source "ChessBase"]
[SourceQuality "1"]
[TimeControl "40/5400+30:1800+30"]

1. d4 e6 2. c4 Nf6 3. Nf3 d5 4. Nc3 c6 5. e3 Nbd7 6. Bd3 dxc4 7. Bxc4 b5 8. Bd3 Bb7 9. O-O a6 10. e4 c5 11. d5 Qc7 12. Bc2 O-O-O 13. dxe6 Ne5 14. Qe2 Nxf3+ 15. Qxf3 fxe6 16. Qh3 Kb8 17. Be3 Bd6 18. Rfd1 Be5 19. Rac1 Bc8 20. f3 h6 21. g3 Bd4 22. Bxd4 cxd4 23. Ne2 d3 24. Bxd3 Qb6+ 25. Kg2 e5 26. Rxc8+ Rxc8 27. Qf5 Rhe8 28. Nc3 Rcd8 29. Bc2 Rxd1 30. Bxd1 Qd4 31. Bb3 Qd2+ 32. Kg1 Qxb2 33. Nd1 Qd2 34. Nf2 Qd7 35. Qxd7 Nxd7 36. Nd3 Kc7 37. Kf2 Kd6 38. Bd5 Nb6 39. Bf7 Rf8 40. Bb3 g5 41. Ke2 a5 42. a3 Rc8 43. Kd2 Nc4+ 44. Bxc4 bxc4 45. Nf2 Rf8 46. Ke2 Rb8 47. Nd1 Kc5 48. Kd2 Kd4 49. Kc2 Rb3 50. a4 Rxf3 0-1

[Event "WJCC U20 Open 2019"]
[Site "New Delhi"]
[Date "2019.10.24"]
[Round "10.21"]
[White "Muradli, Mahammad"]
[Black "Pranav, V."]
[Result "1-0"]
[ECO "E33"]
[WhiteElo "2459"]
[BlackElo "2308"]
[Annotator "ChessBase"]
[PlyCount "145"]
[EventDate "2019.10.15"]
[EventType "swiss"]
[EventCountry "IND"]
[SourceTitle "playchess.com"]
[Source "ChessBase"]
[SourceQuality "1"]
[TimeControl "40/5400+30:1800+30"]

1. d4 Nf6 2. c4 Nc6 3. Nf3 e6 4. Nc3 Bb4 5. Qc2 d6 6. Bd2 e5 7. d5 Bxc3 8. Bxc3 Ne7 9. e4 Bg4 10. Nd2 c6 11. f3 Bd7 12. dxc6 Nxc6 13. Be2 O-O 14. Nf1 Qb6 15. Qd2 Be6 16. Ne3 Nd4 17. Rd1 Nxe2 18. Kxe2 Ne8 19. b3 Rc8 20. Bb4 Rc6 21. g4 Nf6 22. Rc1 Ra8 23. Rhd1 h6 24. Bxd6 Rd8 25. c5 Qa6+ 26. Ke1 Ne8 27. Nd5 Bxd5 28. exd5 Rcxd6 29. cxd6 Nxd6 30. Kf2 e4 31. Qe2 Qb6+ 32. Qe3 Qb4 33. Rd4 Qa5 34. Ra4 Qxd5 35. Rd4 Qe5 36. f4 Qe7 37. Rcd1 h5 38. Qg3 e3+ 39. Qxe3 Qh4+ 40. Kg1 Qxg4+ 41. Qg3 Qc8 42. f5 Qc5 43. b4 Qb6 44. Kf1 Qb5+ 45. Qd3 Qc6 46. Kg1 Qb6 47. Kg2 Qc6+ 48. Qf3 Qb6 49. Qf4 Qc6+ 50. Kh3 Re8 51. Rxd6 Qc7 52. R1d3 Qc2 53. Rd8 Rxd8 54. Rxd8+ Kh7 55. f6 Qc3+ 56. Kg2 Qc6+ 57. Qf3 Qc2+ 58. Kh3 g6 59. Qf4 Qc3+ 60. Kg2 Qc2+ 61. Rd2 Qc6+ 62. Qf3 Qb5 63. Qd5 Qe8 64. Kf2 Kh6 65. h4 Qb8 66. Kg2 Qc7 67. Qc5 Qb8 68. Rd7 Qe8 69. Re7 Qd8 70. Qg5+ Kh7 71. Rxf7+ Kh8 72. Qh6+ Kg8 73. Qh7# 1-0

[Event "WJCC U20 Open 2019"]
[Site "New Delhi"]
[Date "2019.10.24"]
[Round "10.27"]
[White "Zlatin, Alexander"]
[Black "Milikow, Yoav"]
[Result "1-0"]
[ECO "C18"]
[WhiteElo "2263"]
[BlackElo "2199"]
[Annotator "NA RC"]
[PlyCount "92"]
[EventDate "2019.10.15"]
[EventType "swiss"]
[EventCountry "IND"]
[SourceTitle "playchess.com"]
[Source "ChessBase"]
[SourceQuality "1"]
[TimeControl "40/5400+30:1800+30"]

1. e4 e6 2. d4 d5 3. Nc3 Bb4 4. e5 c5 5. a3 Bxc3+ 6. bxc3 Qa5 7. Bd2 Qa4 8. Qg4 Kf8 9. Qd1 b6 10. dxc5 bxc5 11. c4 Ba6 12. cxd5 Bxf1 13. Kxf1 exd5 14. Nf3 Nd7 $11 15. g3 Qe4 16. Kg2 Nxe5 17. Re1 Qxf3+ 18. Qxf3 Nxf3 19. Kxf3 Ne7 20. Rab1 Nc6 21. Rb7 Rc8 22. Bf4 g5 23. Bxg5 Kg7 24. Rd7 h6 25. Bh4 Rhe8 26. Rxe8 Rxe8 27. Rxd5 Nd4+ 28. Kg2 Nxc2 29. Rxc5 Nxa3 30. Ra5 Nc2 31. Rxa7 Ne1+ 32. Kh3 Re2 33. Re7 Rxe7 34. Bxe7 f5 35. g4 Kg6 36. gxf5+ Kxf5 37. Kg3 h5 38. Bd6 Nd3 39. Kf3 Ne1+ 40. Ke2 Ng2 41. Bg3 h4 42. Bc7 Ke4 43. f3+ Kd4 44. h3 Kc5 45. Kf2 Kc6 46. Bh2 Kd5 1-0

[Event "WJCC U20 Open 2019"]
[Site "New Delhi"]
[Date "2019.10.24"]
[Round "10.29"]
[White "Tica, Sven"]
[Black "Sterck, Arno"]
[Result "1-0"]
[ECO "A46"]
[WhiteElo "2418"]
[BlackElo "2331"]
[Annotator "NA RC"]
[PlyCount "63"]
[EventDate "2019.10.15"]
[EventType "swiss"]
[EventCountry "IND"]
[SourceTitle "playchess.com"]
[Source "ChessBase"]
[SourceQuality "1"]
[TimeControl "40/5400+30:1800+30"]

1. d4 Nf6 2. Nf3 d5 3. c4 e6 4. e3 b6 5. Bd3 Bb7 6. O-O Nbd7 7. b3 Bd6 8. Bb2 O-O 9. Nbd2 Ne4 10. Qc2 f5 11. Ne5 Bxe5 12. dxe5 Ndc5 13. Nxe4 dxe4 14. Be2 Qg5 15. Ba3 f4 16. exf4 Rxf4 17. Bxc5 bxc5 18. Qc3 Rf3 19. Bxf3 exf3 20. g3 Qg4 21. Kh1 Rf8 22. Qd3 Be4 23. Qd7 Bf5 24. Rad1 Qg5 25. Qxc7 h5 26. Qxc5 Bh3 27. Rg1 Bg2+ 28. Rxg2 fxg2+ 29. Kxg2 Qg4 30. Qd4 Qf3+ 31. Kg1 h4 32. Rd3 1-0

[Event "WJCC U20 Open 2019"]
[Site "New Delhi"]
[Date "2019.10.24"]
[Round "10.30"]
[White "Bharath Subramaniyam H"]
[Black "Cansun, Can Alp"]
[Result "1-0"]
[ECO "B47"]
[WhiteElo "2417"]
[BlackElo "2199"]
[Annotator "NA"]
[PlyCount "105"]
[EventDate "2019.10.15"]
[EventType "swiss"]
[EventCountry "IND"]
[SourceTitle "playchess.com"]
[Source "ChessBase"]
[SourceQuality "1"]
[TimeControl "40/5400+30:1800+30"]

1. e4 c5 2. Nf3 e6 3. d4 cxd4 4. Nxd4 Nc6 5. Nc3 Qc7 6. g3 a6 7. Bg2 Nxd4 8. Qxd4 d6 9. O-O Nf6 10. Bg5 $14 Be7 11. Rad1 Bd7 12. Rfe1 Bc6 13. Nd5 Bxd5 14. exd5 e5 15. Qd2 O-O 16. h3 Rac8 17. Rc1 b5 18. Be3 Nd7 19. c4 bxc4 20. Bf1 Qd8 21. Bxc4 f5 22. Bxa6 Rxc1 23. Rxc1 f4 24. gxf4 exf4 25. Bxf4 Nc5 26. Bf1 Bh4 27. Rc4 Qf6 28. Bg2 Bxf2+ 29. Qxf2 Nd3 30. Qd4 Qxd4+ 31. Rxd4 Nxf4 32. Kh2 g5 33. b4 Ra8 34. Rd2 Ra4 35. b5 Nxg2 36. Kxg2 Rb4 37. a4 Rxa4 38. Rb2 Ra7 39. b6 Rb7 40. Kf3 Kf7 41. Ke4 Kf6 42. Kd4 Kf5 43. Kc4 Ke4 44. Rb1 Rg7 45. Re1+ Kf3 46. Kb5 h5 47. Kc6 g4 48. hxg4 Rxg4 49. b7 Rb4 50. Re8 h4 51. b8=Q Rxb8 52. Rxb8 h3 53. Rh8 1-0

[Event "WJCC U20 Open 2019"]
[Site "New Delhi"]
[Date "2019.10.24"]
[Round "10.31"]
[White "Doluweera, Minul Sanjula"]
[Black "Hollan, Martin"]
[Result "1-0"]
[ECO "D37"]
[WhiteElo "2191"]
[BlackElo "2403"]
[Annotator "NA"]
[PlyCount "143"]
[EventDate "2019.10.15"]
[EventType "swiss"]
[EventCountry "IND"]
[SourceTitle "playchess.com"]
[Source "ChessBase"]
[SourceQuality "1"]
[TimeControl "40/5400+30:1800+30"]

1. d4 Nf6 2. c4 e6 3. Nf3 d5 4. Nc3 dxc4 5. e3 a6 6. a4 b6 7. Bxc4 Bb7 8. O-O Bb4 9. Qb3 Bxc3 10. bxc3 O-O 11. Re1 Nbd7 12. Nd2 $14 Ng4 13. Nf1 Qh4 14. Re2 Ndf6 15. f3 Nh6 16. Bd2 e5 17. dxe5 Nd7 18. e6 Nc5 19. exf7+ Kh8 20. Qa2 b5 21. Bb3 Nxb3 22. Qxb3 Nxf7 23. Qb4 Qf6 24. Qf4 Qe7 25. e4 Ne5 26. Qg5 Qe6 27. Bf4 Ng6 28. Be3 Qc4 29. Rc2 Qd3 30. Rcc1 Rae8 31. Bd4 Rf7 32. Rd1 Qc4 33. Ne3 Qe6 34. Nf5 Ne5 35. Qg3 h6 36. axb5 axb5 37. Bxe5 Qxe5 38. Qxe5 Rxe5 39. Rd8+ Kh7 40. Rad1 Rc5 41. h4 Rxc3 42. h5 Rc5 43. Rb8 Bd5 44. Nh4 Bxe4 45. Rdd8 g5 46. hxg6+ Bxg6 47. Rh8+ Kg7 48. Rbg8+ Kf6 49. Rxg6+ Ke5 50. Rgxh6 Kd4 51. g4 b4 52. Rb8 Kc3 53. Re6 Rf4 54. Re3+ Kd2 55. Ng2 Rd4 56. Rb3 Rc1+ 57. Kf2 c5 58. Rb5 Rc3 59. Rxc3 bxc3 60. Rxc5 c2 61. g5 c1=Q 62. Rxc1 Kxc1 63. Ke3 Rd8 64. f4 Kc2 65. g6 Kc3 66. f5 Kc4 67. Kf4 Kd5 68. Kg5 Ke5 69. Ne3 Kd6 70. g7 Ke7 71. Kg6 Ra8 72. f6+ 1-0

[Event "WJCC U20 Open 2019"]
[Site "New Delhi"]
[Date "2019.10.24"]
[Round "10.33"]
[White "Licheli, Luka"]
[Black "Anuj Shrivatri"]
[Result "1/2-1/2"]
[ECO "C26"]
[WhiteElo "2010"]
[BlackElo "2390"]
[Annotator "NA RC"]
[PlyCount "65"]
[EventDate "2019.10.15"]
[EventType "swiss"]
[EventCountry "IND"]
[SourceTitle "playchess.com"]
[Source "ChessBase"]
[SourceQuality "1"]
[TimeControl "40/5400+30:1800+30"]

1. e4 e5 2. Nc3 Nf6 3. g3 d5 4. exd5 Nxd5 5. Bg2 Nxc3 6. bxc3 Bc5 7. d3 O-O 8. Qe2 Nc6 9. Nf3 Qf6 10. O-O Bb6 11. Nd2 Be6 12. Ba3 Rfd8 13. Ne4 Qg6 14. Kh1 f5 15. Nd2 $11 Bd5 16. f4 Bxg2+ 17. Qxg2 exf4 18. Rxf4 Be3 19. Rff1 Bxd2 20. Qxd2 Re8 21. Rae1 Qf7 22. c4 Qf6 23. Qf2 Rxe1 24. Rxe1 Qc3 25. Bc5 b6 26. Re6 bxc5 27. Rxc6 Rb8 28. Rxc7 f4 29. Qe2 Qf6 30. gxf4 Rb1+ 31. Kg2 Qg6+ 32. Kh3 Qh6+ 33. Kg2 1/2-1/2

[Event "WJCC U20 Open 2019"]
[Site "New Delhi"]
[Date "2019.10.24"]
[Round "10.34"]
[White "Sankalp Gupta"]
[Black "Tifferet, Shaked"]
[Result "1-0"]
[ECO "E90"]
[WhiteElo "2369"]
[BlackElo "2224"]
[Annotator "NA"]
[PlyCount "83"]
[EventDate "2019.10.15"]
[EventType "swiss"]
[EventCountry "IND"]
[SourceTitle "playchess.com"]
[Source "ChessBase"]
[SourceQuality "1"]
[TimeControl "40/5400+30:1800+30"]

1. c4 Nf6 2. Nc3 g6 3. e4 d6 4. d4 Bg7 5. Nf3 O-O 6. h3 e5 7. d5 Nbd7 8. Be3 Nc5 9. Nd2 a5 10. Be2 c6 11. Qc2 a4 12. dxc6 bxc6 13. Bxc5 dxc5 14. Nxa4 Qa5 15. Nc3 Ne8 16. O-O Nc7 17. Nb3 Qa7 18. Nb1 h5 19. N1d2 Ne6 20. Rfd1 f5 21. Nf3 Nf4 22. Bf1 Qe7 23. Re1 g5 24. Nfd2 g4 25. Qc3 Nxh3+ 26. gxh3 f4 27. f3 gxh3 28. Kh1 Rf6 29. Qd3 Rg6 30. Qe2 Bf6 31. Qf2 Qg7 32. Re2 Kh8 33. Qxc5 Bd7 34. Rh2 Rg3 35. Nc1 Rg8 36. Ne2 Bh4 37. a4 Bg4 38. fxg4 Qxg4 39. Qxe5+ Rg7 40. Nxg3 Qxg3 41. Qxh5+ Kg8 42. Bxh3 1-0

[Event "WJCC U20 Open 2019"]
[Site "New Delhi"]
[Date "2019.10.24"]
[Round "10.35"]
[White "Rakesh Kumar Jena"]
[Black "Maltezeanu, Stefan"]
[Result "1/2-1/2"]
[ECO "A07"]
[WhiteElo "2355"]
[BlackElo "2102"]
[Annotator "NA"]
[PlyCount "99"]
[EventDate "2019.10.15"]
[EventType "swiss"]
[EventCountry "IND"]
[SourceTitle "playchess.com"]
[Source "ChessBase"]
[SourceQuality "1"]
[TimeControl "40/5400+30:1800+30"]

1. Nf3 d5 2. g3 Nf6 3. Bg2 c6 4. O-O Bg4 5. h3 Bh5 6. d4 e6 7. c4 Nbd7 8. Nc3 Be7 9. Ne5 O-O 10. g4 Bg6 11. Nxg6 hxg6 12. cxd5 exd5 13. f4 Qb6 14. e3 Bb4 15. g5 Bxc3 16. bxc3 Ne4 17. Bxe4 dxe4 18. Qg4 f5 19. gxf6 Nxf6 20. Qxg6 Qa6 21. Rf2 Qd3 22. Bd2 Rae8 23. f5 Rf7 24. Kh1 Ree7 25. Rg1 Kf8 26. Qg3 a6 27. Qb8+ Re8 28. Qd6+ Kg8 29. Rg3 Qb1+ 30. Kh2 Qxa2 31. Rfg2 Qd5 32. Qb4 Qxf5 33. c4 b5 34. Bc3 Ree7 35. d5 cxd5 36. cxb5 axb5 37. Qxb5 Rb7 38. Qc6 Qd7 39. Qxd7 Rbxd7 40. Bd4 Ne8 41. Rg5 Nc7 42. Rg6 Nb5 43. Be5 Na3 44. R6g5 Nc4 45. Bd4 Na5 46. Rc2 Nb3 47. Be5 Rfe7 48. h4 Re8 49. Rcg2 Ree7 50. Rc2 1/2-1/2

[Event "WJCC U20 Open 2019"]
[Site "New Delhi"]
[Date "2019.10.24"]
[Round "10.36"]
[White "Risting, Eivind Olav"]
[Black "Eugene, Floryan"]
[Result "1-0"]
[ECO "E71"]
[WhiteElo "2289"]
[BlackElo "2346"]
[Annotator "NA RC"]
[PlyCount "136"]
[EventDate "2019.10.15"]
[EventType "swiss"]
[EventCountry "IND"]
[SourceTitle "playchess.com"]
[Source "ChessBase"]
[SourceQuality "1"]
[TimeControl "40/5400+30:1800+30"]

1. d4 Nf6 2. c4 g6 3. Nc3 Bg7 4. e4 d6 5. h3 O-O 6. Be3 e5 7. d5 Na6 8. g4 {[%emt 0:02:05] E71: King's Indian: 4 e4 d6 5 h3} Nc5 9. f3 a5 (9... c6 10. Qd2 cxd5 11. cxd5 Bd7 12. Nge2 h5 13. Nc1 Rc8 14. Nb3 Nxb3 15. axb3 {0-1 (64) Grandelius,N (2691)-McShane,L (2688) Eskilstuna 2019}) 10. Qd2 $146 ({Predecessor:} 10. h4 c6 11. Qd2 cxd5 12. cxd5 Bd7 13. h5 a4 14. Nge2 Qa5 {0-1 (54) Almeida Quintana,O (2550)-Garcia Pantoja,R (2514) Santa Clara 2019}) 10... a4 11. Nge2 c6 12. Ng3 cxd5 13. cxd5 Bd7 14. h4 Qa5 15. h5 Rfc8 16. hxg6 fxg6 17. g5 Ne8 18. Qh2 a3 19. Qxh7+ Kf7 $16 20. Bd2 axb2 21. Rb1 Na4 22. Nd1 Qc5 23. Rh6 Qc2 24. Rxg6 Ke7 25. Rxg7+ Nxg7 26. Qxg7+ Kd8 27. Bb4 Kc7 28. Bb5 Rd8 29. Bxa4 Qxb1 30. Bxd6+ Kxd6 31. Qf6+ Kc5 32. Qe7+ Kc4 33. Bb3+ Kb5 34. a4+ Kb6 35. Qb4+ Kc7 36. Qc3+ Kb8 37. Qxe5+ Ka7 38. Qd4+ b6 39. Qxb2 Qxb2 40. Nxb2 Rh8 41. Nd3 Rh2 42. Ne5 Be8 43. d6 Rb2 44. Bd1 Rg2 45. Nf5 Rxg5 46. f4 Rg2 47. Bf3 Ra2 48. d7 Bxd7 49. Nxd7 Rg8 50. Be2 Rg2 51. Nd4 Rxa4 52. Ne5 Kb7 53. Nef3 Ra1+ 54. Kd2 b5 55. e5 b4 56. e6 Kc7 57. f5 Kd6 58. Ke3 Ke7 59. Bc4 Rg4 60. Ne5 Ra3+ 61. Bd3 Rg8 62. Ke4 b3 63. Nd7 Rg4+ 64. Ke5 Ra5+ 65. Bb5 Rxd4 66. f6+ Kd8 67. e7+ Ke8 68. Ke6 Rd6+ 1-0

[Event "WJCC U20 Open 2019"]
[Site "New Delhi"]
[Date "2019.10.24"]
[Round "10.39"]
[White "Amartuvshin, Ganzorig"]
[Black "Jablonicky, Martin"]
[Result "1-0"]
[ECO "E94"]
[WhiteElo "2391"]
[BlackElo "2333"]
[Annotator "NA RC"]
[PlyCount "85"]
[EventDate "2019.10.15"]
[EventType "swiss"]
[EventCountry "IND"]
[SourceTitle "playchess.com"]
[Source "ChessBase"]
[SourceQuality "1"]
[TimeControl "40/5400+30:1800+30"]

1. d4 Nf6 2. c4 g6 3. Nc3 Bg7 4. e4 d6 5. Be2 O-O 6. Nf3 e5 7. O-O Nbd7 8. Be3 Ng4 9. Bg5 f6 10. Bh4 Nh6 11. Rc1 Nf7 12. b4 h5 13. Bg3 Ng5 14. Nh4 exd4 15. Nd5 Kh7 16. Bd3 Ne5 17. f4 Bg4 18. Qd2 c6 19. h3 cxd5 20. exd5 Nxd3 21. Qxd3 Ne4 22. hxg4 f5 23. gxf5 gxf5 24. Nxf5 Rxf5 25. Qxe4 Qf6 26. Rce1 Qg6 27. Qd3 Rg8 28. Re6 Bf6 29. Rf2 Kh8 30. Bh4 Rf8 31. Bxf6+ R8xf6 32. Qxd4 Kh7 33. Re7+ Rf7 34. Rxf7+ Rxf7 35. f5 Qg5 36. f6 b6 37. Qe4+ Qg6 38. Qf4 Qb1+ 39. Kh2 Qxb4 40. Qf5+ Kh6 41. Qe6 Kg6 42. Qe4+ Kh6 43. Qe8 1-0

[Event "WJCC U20 Open 2019"]
[Site "New Delhi"]
[Date "2019.10.24"]
[Round "10.40"]
[White "Papadiamandis, Elliot"]
[Black "Kukelko, Alexey"]
[Result "1/2-1/2"]
[ECO "B40"]
[WhiteElo "2190"]
[BlackElo "2342"]
[Annotator "NA RC"]
[PlyCount "67"]
[EventDate "2019.10.15"]
[EventType "swiss"]
[EventCountry "IND"]
[SourceTitle "playchess.com"]
[Source "ChessBase"]
[SourceQuality "1"]
[TimeControl "40/5400+30:1800+30"]

1. e4 c5 2. Nf3 e6 3. d4 cxd4 4. Nxd4 Qb6 5. Nb3 Nc6 6. Be3 Qc7 7. Nc3 Nf6 8. a3 a6 9. Be2 b5 10. O-O d6 {[%emt 0:00:13] B33: Sicilian: Pelikan and Sveshnikov Variations} (10... Ne5 11. f4 Nc4 12. Bxc4 bxc4 13. e5 cxb3 14. exf6 Bb7 15. fxg7 Bxg7 16. cxb3 Bxc3 17. bxc3 Rg8 18. Ra2 Qxc3 {0-1 (43) Yu,K (2375)-Naiditsch,A (2698) Jiangmen 2018}) 11. f4 Be7 12. Bf3 Bb7 13. Qd2 O-O 14. Rad1 Rac8 15. Qf2 Nd7 16. Rd2 Rfe8 $146 ({Predecessor:} 16... Ba8 17. Rfd1 Rfd8 18. g4 Rb8 19. g5 Nb6 20. Re2 Nc4 21. Bc1 {0-1 (62) Basener,W (2210)-Terekhov,A (2318) Munich 2007}) 17. g4 Na5 18. Nxa5 Qxa5 19. g5 b4 20. axb4 $11 Qxb4 21. Nd1 Nc5 22. Rd4 Qb5 23. b4 Nd7 24. Be2 Qa4 25. c3 e5 26. fxe5 Nxe5 27. Bf4 Rf8 28. Qg3 Qa2 29. Rf2 Qe6 30. Bxe5 dxe5 31. Bg4 Qb6 32. Qxe5 Rce8 33. Qg3 Rd8 34. Qe5 1/2-1/2

[Event "WJCC U20 Open 2019"]
[Site "New Delhi"]
[Date "2019.10.24"]
[Round "10.42"]
[White "Lama, Milan"]
[Black "Davis, Holden"]
[Result "0-1"]
[ECO "C01"]
[WhiteElo "1976"]
[BlackElo "1817"]
[Annotator "NA"]
[PlyCount "112"]
[EventDate "2019.10.15"]
[EventType "swiss"]
[EventCountry "IND"]
[SourceTitle "playchess.com"]
[Source "ChessBase"]
[SourceQuality "1"]
[TimeControl "40/5400+30:1800+30"]

1. e4 e6 2. d4 d5 3. exd5 exd5 4. Bd3 c5 5. c3 Nc6 6. Ne2 Nf6 7. O-O {[%emt 0:00:13] C01: French: Exchange Variation} cxd4 (7... Be7 8. dxc5 Bxc5 9. Bg5 O-O 10. Bc2 Re8 11. Nd4 h6 12. Bh4 Bg4 13. f3 Bd7 14. Kh1 Rc8 15. Na3 Ne5 16. Bb3 Bxa3 17. Bxf6 Qxf6 18. bxa3 Rxc3 19. Bxd5 Rd3 20. Qc1 {0-1 (20) Hrdina,R (2268)-Pechac,J (2472) Prague 2019}) 8. Nxd4 Nxd4 9. cxd4 Be7 10. Nc3 O-O 11. Qb3 Bd6 $146 ({Predecessor:} 11... b6 12. Bf4 Bb7 13. Rac1 Ne4 14. Rfe1 Nxc3 15. Rxc3 {½-½ (47) Schaper,B (2129)-Mueller,H (2199) Germany 2011}) 12. h3 h6 13. Be3 Re8 14. Rac1 Bb8 15. Ne2 Nh5 16. Bb1 Qd6 17. f4 Nf6 18. Ng3 Bc7 19. Rf3 Bb6 $15 20. Nf5 Bxf5 21. Bxf5 Ne4 22. Qd1 Rad8 23. g3 g6 24. Bxe4 dxe4 25. Rf2 Bxd4 26. Bxd4 Qxd4 27. Qxd4 Rxd4 28. Rc7 Rb4 29. Rd2 e3 30. Re2 Kg7 31. Kg2 g5 32. fxg5 hxg5 33. b3 Rb6 34. Rc3 Ra6 35. Rc7 Rb6 36. Rc3 Rd6 37. Rc7 Kg6 38. Rc3 f5 39. Kf3 Rh8 40. Rcxe3 Rxh3 41. Re6+ Rxe6 42. Rxe6+ Kf7 43. Rd6 f4 44. Rd7+ Ke6 45. Rxb7 Rxg3+ 46. Kf2 Rc3 47. Rb5 Kf6 48. Ra5 g4 49. Rxa7 Rc2+ 50. Kg1 g3 51. Ra8 Kf5 52. b4 f3 53. Rf8+ Ke4 54. Re8+ Kd5 55. Rd8+ Ke6 56. Rd1 Rg2+ 0-1

[Event "WJCC U20 Open 2019"]
[Site "New Delhi"]
[Date "2019.10.24"]
[Round "10.43"]
[White "Hamad Essam"]
[Black "Mohd Saprin, Amir Ghaazi"]
[Result "1-0"]
[ECO "C77"]
[WhiteElo "1849"]
[BlackElo "1942"]
[Annotator "NA RC"]
[PlyCount "63"]
[EventDate "2019.10.15"]
[EventType "swiss"]
[EventCountry "IND"]
[SourceTitle "playchess.com"]
[Source "ChessBase"]
[SourceQuality "1"]
[TimeControl "40/5400+30:1800+30"]

1. e4 e5 2. Nf3 Nc6 3. Bb5 a6 4. Ba4 Nf6 5. Qe2 b5 6. Bb3 Bc5 7. c3 d6 8. d3 h6 9. h3 O-O 10. g4 Be6 11. g5 Bxb3 12. gxf6 Be6 13. fxg7 Kxg7 14. Rg1+ Kh7 15. Bxh6 Kxh6 16. Qd2+ Kh7 17. Ng5+ Kh8 18. Qe2 Bg4 19. Qxg4 Bxf2+ 20. Kxf2 Qf6+ 21. Nf3 Qh6 22. Qh4 Qxh4+ 23. Nxh4 Ne7 24. Nd2 f5 25. exf5 Rf7 26. Ke2 Nxf5 27. Raf1 Nh6 28. Rxf7 Nxf7 29. Ne4 Nd8 30. Rg6 Nc6 31. Nf5 Rf8 32. Nf6 1-0